 Dungeon Crawl Stone Soup version 0.30.0-29-ga12c61a403 (webtiles) character file.

Game seed: 6494498431640908607

79 qw the Chopper (level 4, -2/28 HPs)
             Began as a Gargoyle Fighter on June 3, 2023.
             Slain by an ogre
             ... wielding a +0 giant club
              (26 damage)
             ... on level 4 of the Dungeon.
             The game lasted 00:00:58 (2133 turns).

qw the Chopper (Gargoyle Fighter)                   Turns: 2133, Time: 00:00:58

Health: -2/28      AC: 12    Str: 21    XL:     4   Next: 38%
Magic:  4/4        EV:  7    Int:  9    God:
Gold:   206        SH:  4    Dex:  9    Spells: 3/3 levels left

rFire   . . .        Y - +0 war axe
rCold   + . .        c - +0 buckler
rNeg    + . .        e - +0 chain mail
rPois   inf          (no helmet)
rElec   +            (no cloak)
rCorr   .            (no gloves)
SInv    .            (no boots)
Will    .....        (no amulet) Stlth
                     f - ring of protection from cold
HPRegen 0.24/turn    (no ring)
MPRegen 0.09/turn

%: no passive effects
@: no status effects
A: sickness immunity, AC +3, negative energy resistance 1, electricity
resistance, torment resistance 1, petrification resistance
a: no special abilities


You were on level 4 of the Dungeon.
You visited 1 branch of the dungeon, and saw 4 of its levels.

You collected 206 gold pieces.


Innate Abilities, Weirdness & Mutations

You are immune to sickness and miasma.
Your stone body is resilient. (AC +3)
You are immune to poison.
You resist negative energy. (rN+)
You are resistant to electric shocks. (rElec)
You are resistant to unholy torment.
You are immune to petrification.


   Skills:
 - Level 3.2 Fighting
 + Level 3.8 Axes
 - Level 1.0 Throwing
 - Level 3.2 Armour
 - Level 3.2 Shields


You had 3 spell levels left.
You didn't know any spells.
Your spell library was empty.

Inventory:

Hand Weapons
 g - a +0 flail
 Y - a +0 war axe (weapon)
Missiles
 l - 3 javelins (quivered)
Armour
 c - a +0 buckler (worn)
 e - a +0 chain mail (worn)
Jewellery
 f - a ring of protection from cold (left hand)
Scrolls
 j - a scroll of identify
Potions
 d - a potion of might
 h - a potion of mutation
 i - a potion of haste

Dungeon Overview and Level Annotations

Branches:
Dungeon (4/15)
 Temple: D:4-7

Altars:
Yredelemnul

Shops:
D:2 [   D:4 :

Annotations:
D:2 2 transporters
D:4 Natasha


Message History

Your butterfly disappears in a burst of colours!
You swap places.
You swap places.
Your butterfly disappears in a burst of colours!
You swap places.
Your butterfly disappears in a burst of colours!
Your butterfly disappears in a burst of colours! x2
There is a stone staircase leading down here.
You climb downwards.
There is a stone staircase leading up here.
Waypoint 3 assigned to D:4.
A kobold comes into view. It is wielding a +0 short sword.
The kobold shouts!
The kobold moves out of view.
You throw a javelin. The javelin pierces through the kobold.
You kill the kobold!
You see here a +0 short sword.
l - 4 javelins (gained 1)
You open the door.
There is an open door here.
There is an entrance to Huffoer's Book Shop here.
You open the door.
There is an open door here.
Found a leather armour.
You see here a +0 leather armour.
An ogre comes into view. It is wielding a +0 giant club.
The ogre shouts!
The ogre moves out of view.
Natasha, Servant of Life and Death comes into view.
She is carrying a wand of flame (12).
2130 ||| Stepping ~*~*~tactically~*~*~ (stealth).
You throw a javelin. The javelin closely misses the ogre.
You hear an angry hiss.
You hit the ogre.
The ogre is lightly wounded.
The ogre hits you with a +0 giant club.
You hit the ogre.
The ogre is moderately wounded.
The ogre hits you with a +0 giant club!!
Ouch! That really hurt!
You die...

##+### ####### #....#
#.....# #....####.###.#
+..........##.#
...##....##.#.###.######
.....hO@....#..........#
.....##<##..#.###.####[#
(..$.#####..#.......##.#
.h..........#.###.#.##.#
########.#.###.#.##.#
..............#.##.#
.######.#)##..#.##.#
#.#..#+#...#.#
#.##.'\'.###.#


You could see an ogre and Natasha.

Vanquished Creatures
  3 adders
  A worm (D:2)
  3 dart slugs
  An orc (D:3)
  4 endoplasms
  4 giant cockroaches
  8 goblins
  A hobgoblin (D:2)
  A quokka (D:3)
  4 bats
  3 frilled lizards
  7 kobolds
  2 rats
42 creatures vanquished.

Notes
Turn   | Place    | Note
-------+----------+-------------------------------------------
     0 | D:1      | qw the Gargoyle Fighter began the quest for the Orb.
     0 | D:1      | Reached XP level 1. HP: 14/14 MP: 1/1
     0 | D:1      | 0 ||| qw: Version: 0.2-a-103-g5a998e5
     0 | D:1      | 0 ||| qw: Game counter: 1010
     0 | D:1      | 0 ||| qw: Always use a shield: true
     0 | D:1      | 0 ||| qw: God list: Okawaru
     0 | D:1      | 0 ||| qw: Allow faded altars: false
     0 | D:1      | 0 ||| qw: Do Orc after D:15 true
     0 | D:1      | 0 ||| qw: Do second Lair branch before Depths: true
     0 | D:1      | 0 ||| qw: Lair rune preference: random
     0 | D:1      | 0 ||| qw: Plans: Normal, Zot:1-4, Slime:5, God:TSO, Crypt,
                  | Tomb, Pan, Hells, Abyss, Win
     0 | D:1      | 0 ||| PLANNING D:1-11
   187 | D:1      | 187 ||| Stepping ~*~*~tactically~*~*~ (stealth).
   235 | D:1      | Found a faded altar of an unknown god.
   235 | D:1      | Noticed a hellwing
   328 | D:1      | Reached XP level 2. HP: 19/19 MP: 2/2
   395 | D:1      | 395 ||| Stepping ~*~*~tactically~*~*~ (stealth).
   477 | D:1      | 477 ||| Stepping ~*~*~tactically~*~*~ (stealth).
   485 | D:1      | 485 ||| Stepping ~*~*~tactically~*~*~ (stealth).
   693 | D:1      | Reached skill level 3 in Axes
   801 | D:1      | 801 ||| READING scroll labelled KAW TIASARETWY.
   805 | D:1      | 805 ||| READING scroll labelled TOFRIH TYAMOPI.
   852 | D:2      | Found a transporter.
   854 | D:2      | Found Xaryaf's Antique Armour Emporium.
   877 | D:2      | 877 ||| Stepping ~*~*~tactically~*~*~ (hiding).
   887 | D:2      | Reached XP level 3. HP: 20/23 MP: 3/3
   969 | D:2      | Found a basalt altar of Yredelemnul.
  1057 | D:2      | 1057 ||| READING scroll labelled VUSYUD WARANN.
  1398 | D:2      | Found a transporter.
  1524 | D:2      | 1524 ||| READING scroll labelled ATEFA MUUCZO.
  1525 | D:2      | 1525 ||| READING scroll labelled KUG VEUQIKH.
  1526 | D:2      | 1526 ||| READING scroll labelled SORYNE KAXTUCECS.
  1527 | D:2      | 1527 ||| DRINKING 2 grey potions.
  1528 | D:2      | 1528 ||| DROPPING potion of brilliance.
  1600 | D:3      | Reached skill level 1 in Throwing
  1600 | D:3      | Reached XP level 4. HP: 20/28 MP: 4/4
  1635 | D:3      | 1635 ||| Stepping ~*~*~tactically~*~*~ (stealth).
  1673 | D:3      | 1673 ||| DROPPING +0 club.
  1914 | D:3      | 1914 ||| DROPPING +0 whip.
  2020 | D:3      | 2020 ||| UPGRADING to +0 chain mail.
  2030 | D:3      | 2030 ||| DROPPING +0 scale mail.
  2031 | D:3      | 2031 ||| UPGRADING to ring of protection from cold.
  2032 | D:3      | 2032 ||| READING scroll labelled JIOXUETWIEJA.
  2033 | D:3      | 2033 ||| READING scroll labelled AHUW IQENAIGIW.
  2053 | D:3      | 2053 ||| READING scroll labelled TIECZU HUEJUIN.
  2054 | D:3      | 2054 ||| READING 3 scrolls of identify.
  2054 | D:3      | 2054 ||| IDENTIFYING green potion
  2055 | D:3      | 2055 ||| READING 2 scrolls of identify.
  2055 | D:3      | 2055 ||| IDENTIFYING glowing inky potion
  2094 | D:4      | Found Huffoer's Book Shop.
  2128 | D:4      | Noticed an ogre
  2129 | D:4      | Noticed Natasha
  2130 | D:4      | 2130 ||| Stepping ~*~*~tactically~*~*~ (stealth).
  2133 | D:4      | Slain by an ogre

Levels and vault maps discovered:
D:1:      dpeg_arrival_central, layout_loops_ring,
          dreamdust_ecumenical_altar_sealed_demon, chequers_garden,
          due_unseen_surprise
D:2:      layout_loops_ring, serial_glass, glass_columns_c, glass_columns_b,
          glass_columns_b, serial_shops, nicolae_shop_drivethru, basic_altar,
          minmay_diced_spiral
D:3:      layout_rooms, minmay_cupped
D:4:      layout_basic, gammafunk_temple_overflow_forgotten,
          minmay_temple_entry_statues_fountains, serial_shops,
          nicolae_shop_behind_doors, gammafunk_ghost_abyssal_escape,
          uniq_natasha

Skill      XL: |  1  2  3 |
---------------+----------+-----
Axes           | 2 3 |  3.8
Throwing       | 1 |  1.0
Fighting       | |  3.2
Armour         | |  3.2
Shields        | |  3.2

Action                     |  1- 3 |  4- 6 || total
---------------------------+-------+-------++-------
  Melee: War axe           |    88 |    25 ||   113
  Throw: Javelin           |     6 |    13 ||    19
    Use: Scroll            |     6 |     5 ||    11
         Potion            |     1 |       ||     1
 Armour: Scale mail        |    43 |    10 ||    53
  Dodge: Dodged            |    43 |    13 ||    56
  Block: Buckler           |    10 |     4 ||    14

Table legend:
 A = Non-vault XP
 B = Vault XP
 C = Vault XP percentage of total XP
 D = Non-vault monster count
 E = Vault monster count
 F = Vault count percentage of total count
                 A         B        C        D         E       F
            +---------+---------+-------+---------+---------+-------
      Total |     107 |       7 |   6.1 |      38 |       4 |   9.5
            +---------+---------+-------+---------+---------+-------
        D:1 |      30 |       0 |   0.0 |      16 |       0 |   0.0
        D:2 |      32 |       4 |  11.1 |      10 |       2 |  16.7
        D:3 |      44 |       3 |   6.4 |      11 |       2 |  15.4
        D:4 |       1 |       0 |   0.0 |       1 |       0 |   0.0
            +---------+---------+-------+---------+---------+-------
